 Dungeon Crawl Stone Soup version 0.23.2-1-ga50397a (webtiles) character file.

Game seed: 4528976654862341512

153 cab the Digger (level 5, -2/28 HPs)
             Began as a Gargoyle Earth Elementalist on May 26, 2019.
             Slain by Crazy Yiuf
             ... wielding a +4 quarterstaff of chaos
              (9 damage)
             ... on level 2 of the Dungeon.
             The game lasted 00:12:06 (3198 turns).

cab the Digger (Gargoyle Earth Elementalist)        Turns: 3198, Time: 00:12:07

Health: -2/28      AC:  7    Str: 11    XL:     5   Next: 35%
Magic:  6/10       EV: 11    Int: 17    God:
Gold:   131        SH:  0    Dex: 10    Spells: 6/10 levels left

rFire    x . .     SeeInvis .   i - +1 mace
rCold    + . .     Gourm    .   (no shield)
rNeg     + . .     Faith    .   c - +0 robe
rPois    ∞         Spirit   .   (no helmet)
rElec    +         Reflect  .   (no cloak)
rCorr    .         Harm     .   (no gloves)
MR       .....                  j - +0 pair of boots
Stlth    ++........             (no amulet)
HPRegen  0.09/turn              e - ring of ice
MPRegen  0.12/turn              (no ring)

@: very slightly contaminated, drained
A: negative energy resistance 1, electricity resistance, unbreathing,
petrification resistance, rot immunity, AC +4
a: no special abilities


You were on level 2 of the Dungeon.
You were not hungry.

You visited 1 branch of the dungeon, and saw 2 of its levels.

You collected 131 gold pieces.

Inventory:

Hand Weapons
 g - a +0 club
 i - a +1 mace (weapon)
Missiles
 b - 54 stones (quivered)
Armour
 c - a +0 robe (worn)
 f - a +0 leather armour
 h - a +0 leather armour
 j - a +0 pair of boots (worn)
Jewellery
 e - a ring of ice (left hand)
 n - an uncursed amulet of harm
Scrolls
 a - a scroll of enchant weapon
 l - 2 scrolls of magic mapping
 m - 2 scrolls of identify {unknown}
 q - a scroll of immolation {unknown}
 r - a scroll of fear {unknown}
Potions
 o - 2 potions of heal wounds {unknown}
 p - a potion of invisibility {unknown}
 s - a potion of curing {unknown}
Comestibles
 d - 4 rations


   Skills:
 - Level 1.5(1.0) Dodging
 - Level 2.1(1.6) Stealth
 + Level 3.4(2.8) Spellcasting
 + Level 1.6(1.0) Conjurations
   Level 0.7(0.1) Transmutations
 + Level 5.4(4.8) Earth Magic


You had 6 spell levels left.
You knew the following spells:

 Your Spells              Type           Power        Failure   Level  Hunger
a - Sandblast             Erth           ###...       2%          1    #......
b - Stone Arrow           Conj/Erth      ##....       16%         3    ###....

Your spell library contained the following spells:

 Spells                   Type           Power        Failure   Level  Hunger
 Passwall                 Tmut/Erth      ##......     10%         2    ##.....
 Petrify                  Tmut/Erth      ##......     54%         4    #####..
 Lee's Rapid Deconstruct  Erth           ###.......   56%         5    ######.


Dungeon Overview and Level Annotations

Branches:
Dungeon (2/15)

Altars:
Dithmenos
Makhleb

Annotations:
D:2 Crazy Yiuf


Innate Abilities, Weirdness & Mutations

You are resistant to torment.
Your stone body is resilient. (AC +4)
You are immune to poison.
You resist negative energy. (rN+)
You are resistant to electric shocks. (rElec)
You can survive without breathing.
You are immune to petrification.
You are immune to rotting.


Message History

Confirm with . or Enter, or press ? or * to list all spells.
Aiming: Sandblast (safe; 2% risk of failure)
Press: ? - help, Shift-Dir - straight line, f/p - Crazy Yiuf
Aim: Crazy Yiuf, wielding a +4 quarterstaff of chaos and wearing a cursed +0 cloak (moderately wounded)
You miscast Sandblast.
You are very lightly contaminated with residual magic.
Nothing appears to happen.
Crazy Yiuf hits you with a +4 quarterstaff of chaos.
Crazy Yiuf burns you.
Casting: Sandblast (safe; 2% risk of failure)
Confirm with . or Enter, or press ? or * to list all spells.
Aiming: Sandblast (safe; 2% risk of failure)
Press: ? - help, Shift-Dir - straight line, f/p - Crazy Yiuf
Aim: Crazy Yiuf, wielding a +4 quarterstaff of chaos and wearing a cursed +0 cloak (moderately wounded)
The blast of sand misses Crazy Yiuf.
b - 54 stones Crazy Yiuf hits you with a +4 quarterstaff of chaos!
* * * LOW HITPOINT WARNING * * *
Crazy Yiuf burns you!
You die...

..P§§§.)###...###
#.# §P§§8(..#
##### ###
#§.§.#.##
#.§.8..# #####
.).....# #)..#
.......# #...#
......)# *...*
#.....## *#g#*
##...## ♣@♣♣
##.## ♣♣.♣
###.######## ♣.♣♣
...........# ♣♣.♣
##########.#
♣♣.♣♣ #.# ♣♣...♣
#.# ♣.PPP♣ #.#
#....#
#.####....#


You could see Crazy Yiuf.

Vanquished Creatures
  A crimson imp (D:2)
  Robin (D:2)
  5 adders (D:2)
  A worm (D:2)
  3 dart slugs
  A leopard gecko (D:1)
  2 giant cockroaches (D:2)
  13 goblins
  4 hobgoblins
  7 jackals
  2 ball pythons (D:2)
  A ball python zombie (D:2)
  3 bats
  3 kobolds
  A leopard gecko skeleton (D:2)
  4 rats
52 creatures vanquished.

Notes
Turn   | Place    | Note
-------+----------+-------------------------------------------
     0 | D:1      | cab the Gargoyle Earth Elementalist began the quest for the
                  | Orb.
     0 | D:1      | Reached XP level 1. HP: 10/10 MP: 3/3
   189 | D:1      | Reached skill level 4 in Earth Magic
   242 | D:1      | Reached XP level 2. HP: 15/15 MP: 1/5
  1054 | D:2      | Reached XP level 3. HP: 19/19 MP: 4/6
  1080 | D:2      | Learned a level 3 spell: Stone Arrow
  1182 | D:2      | Noticed Robin
  1623 | D:2      | Killed Robin
  1741 | D:2      | Found a burning altar of Makhleb.
  1758 | D:2      | Reached skill level 1 in Conjurations
  1758 | D:2      | Reached skill level 5 in Earth Magic
  1758 | D:2      | Reached XP level 4. HP: 15/24 MP: 1/8
  2018 | D:2      | Found a runed translucent door.
  2019 | D:2      | Noticed Crazy Yiuf
  2514 | D:2      | Reached XP level 5. HP: 19/28 MP: 6/9
  2771 | D:2      | Found a shadowy altar of Dithmenos.
  3198 | D:2      | Slain by Crazy Yiuf

Skill      XL: |  1  2  3 |
---------------+----------+-----
Earth Magic    | 4 5 |  5.4
Spellcasting   | 3 |  3.4
Conjurations   | 1 |  1.6
Dodging        | |  1.5
Stealth        | |  2.1
Transmutations | |  0.7

Action                   |  1- 3 |  4- 6 || total
-------------------------+-------+-------++-------
Melee: Unarmed           |     1 |       ||     1
       Mace              |    47 |    45 ||    92
 Cast: Sandblast         |    42 |    20 ||    62
  Use: Scroll            |     5 |       ||     5
 Stab: Sleeping          |     1 |       ||     1
  Eat: Chunk             |     3 |     5 ||     8
Armor: Robe              |    25 |    20 ||    45
Dodge: Dodged            |    31 |    40 ||    71
